 Dungeon Crawl Stone Soup version 0.27-a0-1374-gc14e5d3922 (webtiles) character file.

Game seed: 7610075184011694334

1985 Ijustatesigmund the Chopper (level 9, 0/61 (62) HPs)
             Began as an Octopode Fighter on June 29, 2021.
             Slain by an ice beast (4 damage)
             ... on level 6 of the Dungeon.
             The game lasted 00:11:08 (8149 turns).

Ijustatesigmund the Chopper (Octopode Fighter)      Turns: 8149, Time: 00:11:09

HP:   0/61 (62)     AC:  1    Str: 15    XL:     9   Next: 21%
MP:   9/9           EV: 13    Int: 12    God:
Gold: 401           SH: 11    Dex: 13    Spells: 8/8 levels left

rFire    + . .     SeeInvis .   a - +2 war axe (elec)
rCold    + . .     Faith    .   b - +1 kite shield
rNeg     . . .     Spirit   .   (helmet restricted)
rPois    +         Reflect  .   (no amulet)
rElec    +         Harm     .   (no ring)
rCorr    +         Rampage  .   (no ring)
Will     .....                  (no ring)
Stlth    ++........             (no ring)
HPRegen  0.20/turn              (no ring)
MPRegen  0.11/turn              (no ring)
                                (no ring)
                                (no ring)

@: resistant, lightly drained
A: almost no armour, amphibious, 8 rings, camouflage 1, gelatinous body 1,
(nimble swimmer 1), tentacles
a: no special abilities


You were on level 6 of the Dungeon.
You visited 1 branch of the dungeon, and saw 6 of its levels.

You collected 401 gold pieces.

Inventory:

Hand Weapons
 a - a +2 war axe of electrocution (weapon)
 w - a +2 mace of protection
Missiles
 u - 8 boomerangs of dispersal (quivered)
Armour
 b - a +1 kite shield (worn)
Jewellery
 d - a ring of ice
Wands
 f - a wand of paralysis (6)
 k - a wand of iceblast (6)
 r - a wand of polymorph (5)
Potions
 e - a potion of magic
 g - a potion of flight
 h - a potion of resistance
 i - a potion of attraction
 j - a potion of brilliance {unknown}
 l - a potion of invisibility {unknown}
 m - 2 potions of curing
 n - a potion of cancellation {unknown}
 p - 2 potions of berserk rage {unknown}
 q - a potion of lignification {unknown}


   Skills:
 + Level 6.0 Fighting
 * Level 7.7 Axes
 + Level 6.0 Dodging
 + Level 6.0 Shields


You had 8 spell levels left.
You didn't know any spells.
Your spell library was empty.

Dungeon Overview and Level Annotations

Branches:
Dungeon (6/15)
 Temple: D:4-7

Altars:
Cheibriados
Gozag
Makhleb
Vehumet
Wu Jian

Annotations:
D:3 3 runed translucent doors, LordKittycat's ghost, weakling DrCj
D:5 1 runed translucent door, Fama's ghost, amateur DEIE


Innate Abilities, Weirdness & Mutations

You cannot wear most types of armour.
You are amphibious.
You can wear up to eight rings at the same time.
Your skin changes colour to match your surroundings (Stealth+).
Your rubbery body absorbs attacks. (AC +1, EV +1)
((You are camouflaged near water. (Stealth+)))
You have tentacles for arms and can constrict up to eight enemies at once.


Message History

You constrict the wight. You block the wight's attack.
You hit the wight but do no damage.
The wight is severely damaged.
You constrict the wight. You block the wight's attack.
You barely miss the wight.
The wight is severely damaged.
You constrict the wight. You block the wight's attack.
You hit the wight but do no damage.
The wight is almost destroyed.
You constrict the wight.
You destroy the wight!
Your Dodging skill increases to level 6!
Items here: )) [[.
The ice beast hits you. The ice beast freezes you!
You hit the ice beast. Your squeeze misses the ice beast.
The ice beast is lightly wounded.
The ice beast hits you. The ice beast freezes you!
The ice beast barely misses you.
You slash the ice beast!
You squeeze the ice beast, but do no damage.
The ice beast is heavily wounded.
The ice beast hits you. The ice beast freezes you!
* * * LOW HITPOINT WARNING * * *
You closely miss the ice beast.
The ice beast is heavily wounded.
The ice beast hits you.
* * * LOW HITPOINT WARNING * * *
The ice beast freezes you.
* * * LOW HITPOINT WARNING * * *
You aren't carrying any scrolls.
It was a potion of resistance.
You feel protected. You block the ice beast's attack.
You hit the ice beast.
The ice beast is heavily wounded.
You block the ice beast's attack.
You completely miss the ice beast. Your squeeze misses the ice beast.
The ice beast is heavily wounded.
The ice beast completely misses you. The ice beast hits you.
You die...

.......###.#...............#
#.####.[#..................#
........[..................##
#.######....................#
................)....[.....##
.........####...<.........##
.........# #...[..#......##
.........# ##.....######..#
####).#.######..@.## ##.####
......#...##...#Y## #....#
..#######..#.##...#### ####.#
..#...#..............# ######.#
..#.>.#.#............###......#
..#...#..................######
..#.# #.....................#
..# #..............######## ..#
#..............#


You could see an ice beast.

Vanquished Creatures
  A shadow (D:6)
  A sky beast (D:5)
  4 ogres
  An ice beast (D:5)
  3 necrophages
  3 scorpions
  A wyvern skeleton (D:5)
  4 wights (D:6)
  A bullfrog zombie (D:5)
  2 hounds (D:5)
  2 jellies
  An orc priest (D:6)
  Crazy Yiuf (D:2)
  2 centaur skeletons
  Ijyb (D:3)
  Terence (D:3)
  2 orc wizards (D:6)
  Natasha (thrice) (D:2)
  A killer bee zombie (D:5)
  A hound skeleton (D:4)
  Robin (D:3)
  5 adders
  2 ufetubi
  A dart slug (D:2)
  11 orcs
  8 bats
  8 endoplasms
  4 giant cockroaches
  11 goblins
  13 hobgoblins
  9 jackals
  3 kobolds
  3 quokkas
  6 ball pythons
  4 frilled lizards
  8 rats
133 creatures vanquished.

Vanquished Creatures (others)
  2 withered plants (D:5)
2 creatures vanquished.

Grand Total: 135 creatures vanquished

Notes
Turn   | Place    | Note
-------+----------+-------------------------------------------
     0 | D:1      | Ijustatesigmund the Octopode Fighter began the quest for
                  | the Orb.
     0 | D:1      | Reached XP level 1. HP: 16/16 MP: 1/1
   104 | D:1      | Reached XP level 2. HP: 15/21 MP: 2/2
   606 | D:1      | Reached XP level 3. HP: 26/26 MP: 3/3
  1161 | D:2      | Found a runed translucent door.
  1162 | D:2      | Noticed Crazy Yiuf
  1238 | D:2      | Noticed Natasha
  1246 | D:2      | Killed Natasha
  1247 | D:2      | Reached skill level 3 in Axes
  1247 | D:2      | Reached XP level 4. HP: 13/31 MP: 4/4
  1473 | D:2      | Noticed Natasha
  1480 | D:2      | Killed Natasha
  1515 | D:2      | Noticed Natasha
  1699 | D:2      | Killed Natasha
  1700 | D:2      | Reached XP level 5. HP: 34/37 MP: 5/5
  2450 | D:3      | Found a faded altar of an unknown god.
  2601 | D:3      | Identified the +0 helmet of the Villain {rElec rPois Dex+2}
  2601 | D:3      | Noticed Robin
  2699 | D:3      | Killed Robin
  2748 | D:3      | Found a runed translucent gate.
  2748 | D:3      | Found a runed translucent gate.
  2748 | D:3      | Found a runed translucent gate.
  2749 | D:3      | Noticed LordKittycat's ghost (weakling DrCj)
  2824 | D:3      | Found a radiant altar of Vehumet.
  2877 | D:3      | Noticed Ijyb
  2888 | D:3      | Killed Ijyb
  3225 | D:3      | Noticed Terence
  3229 | D:3      | Killed Terence
  3230 | D:3      | Reached skill level 4 in Axes
  3230 | D:3      | Reached XP level 6. HP: 37/43 MP: 6/6
  3457 | D:4      | Found an ornate altar of the Wu Jian Council.
  3783 | D:4      | HP: 2/43 [ogre (23)]
  3802 | D:4      | HP: 1/43 [hound (3)]
  4200 | D:4      | Reached XP level 7. HP: 49/49 MP: 7/7
  4770 | D:2      | Killed Crazy Yiuf
  4771 | D:2      | Reached skill level 5 in Axes
  5086 | D:5      | Entered Level 5 of the Dungeon
  5490 | D:5      | Reached XP level 8. HP: 21/54 MP: 8/8
  5494 | D:5      | Reached skill level 5 in Fighting
  5863 | D:5      | Reached skill level 6 in Axes
  5863 | D:5      | Reached skill level 5 in Dodging
  5863 | D:5      | Reached skill level 5 in Shields
  6272 | D:5      | Found a runed translucent door.
  6273 | D:5      | Noticed Fama's ghost (amateur DEIE)
  6816 | D:6      | Reached skill level 7 in Axes
  6890 | D:6      | Found a burning altar of Makhleb.
  7081 | D:6      | Reached XP level 9. HP: 62/62 MP: 9/9
  7460 | D:6      | Found a snail-covered altar of Cheibriados.
  7460 | D:6      | Found an opulent altar of Gozag.
  8149 | D:6      | Slain by an ice beast

Illustrated notes

Levels and vault maps discovered:
D:1:      onia_arrival_handbag, layout_rooms, serial_aquarium,
          aquarium_bridge_square [aquarium_subvault_bridge,
          aquarium_subvault_bridge, aquarium_subvault_wall,
          aquarium_subvault_bridge], aquarium_window_fake, aquarium_window_1,
          aquarium_view_2f, aquarium_view_2f, aquarium_balcony_3b,
          moated_statue, roderic_serpentine_path
D:2:      layout_loops_ring, uniq_crazy_yiuf_cottage, uniq_natasha
D:3:      layout_loops_ring, old_standard_altar, ebering_ecumenical_altar_rust,
          gammafunk_ghost_split, minmay_tree_intersection, uniq_terence,
          uniq_ijyb, uniq_robin
D:4:      layout_rooms, lemuel_round_altar, minmay_misc_feat_nine_boxes,
          kennysheep_cluttered_room, minmay_goblin_outpost
D:5:      layout_loops_ring, gammafunk_ghost_grave
D:6:      layout_rooms, lemuel_tele_altar, amethyst_overflow_temple_binary,
          minmay_temple_entry_from_below_a

Skill      XL: |  1  2  3  4  5  6  7  8  9 |
---------------+----------------------------+-----
Axes           | 3 4 5 7 |  7.7
Fighting       | 4 5 6 |  6.0
Dodging        | 4 5 6 |  6.0
Shields        | 4 5 6 |  6.0

Action                   |  1- 3 |  4- 6 |  7- 9 || total
-------------------------+-------+-------+-------++-------
Melee: War axe           |    61 |    91 |   115 ||   267
       Constrict         |    14 |    23 |    23 ||    60
       Tentacles         |    13 |    19 |    22 ||    54
Evoke: Wand              |       |    14 |    16 ||    30
  Use: Scroll            |     2 |     7 |     7 ||    16
       Potion            |       |     2 |    10 ||    12
 Stab: Sleeping          |     6 |     9 |     4 ||    19
       Distracted        |       |     1 |       ||     1
Armor: Skin              |     4 |     1 |     3 ||     8
Dodge: Dodged            |    29 |    40 |    61 ||   130
Block: Kite shield       |    30 |    34 |    57 ||   121

Table legend: (Time is in decaauts)
 A = Elapsed time spent in this place.
 B = Non-inter-level travel time spent in this place.
 C = Inter-level travel time spent in this place.
 D = Time resting spent in this place.
 E = Time spent auto-exploring this place.
 F = Levels seen in this place.
 G = Mean time per level.
                   A        B        C        D        E       F      G
               +--------+--------+--------+--------+--------+-----+--------+
         Total |   8227 |   7972 |    255 |   3083 |   3867 |   6 | 1371.2 |
       Dungeon |   8227 |   7972 |    255 |   3083 |   3867 |   6 | 1371.2 |
               +--------+--------+--------+--------+--------+-----+--------+

Top non-repeatable levels by time:
     D:5: 1945 daAuts
     D:2: 1640 daAuts
     D:4: 1316 daAuts
     D:6: 1121 daAuts
     D:1: 1114 daAuts
     D:3: 1089 daAuts
